 Dungeon Crawl Stone Soup version 0.22-a0-77-g0fd0111 (webtiles) character file.

60400 shenanigans the Blocker (level 14, -14/104 HPs)
             Began as a Barachi Monk on Jan 14, 2018.
             Was the Champion of Cheibriados.
             Demolished by an orc knight
             ... wielding a +0 great mace
              (46 damage)
             ... on level 2 of the Orcish Mines.
             The game lasted 00:57:50 (21527 turns).

shenanigans the Blocker (Barachi Monk)             Turns: 21527, Time: 00:57:50

Health: -14/104    AC: 23    Str: 28    XL:     14   Next: 99%
Magic:  21/21      EV: 16    Int: 31    God:    Cheibriados [******]
Gold:   1946       SH: 23    Dex: 29    Spells: 23/23 levels left

rFire    . . .     SeeInvis +   a - +5 scimitar (flame)
rCold    + . .     Gourm    .   q - +1 large shield
rNeg     . . .     Faith    .   d - +4 plate armour
rPois    .         Spirit   .   k - +0 helmet (curse)
rElec    .         Reflect  .   w - +1 cloak
rCorr    .         Harm     .   (no gloves)
MR       +....     Rnd*Tele +   (no boots)
Stlth    ..........             (no amulet)
HPRegen  0.27/turn              L - ring of protection from cold
MPRegen  0.17/turn              O - ring of see invisible

@: can't hop, very slow
A: +LOS, swims, frail 1, slowness 1, teleportitis 1, strong legs 2
a: Hop, Bend Time, Temporal Distortion, Slouch, Step From Time, Renounce
Religion


You were on level 2 of the Orcish Mines.
You worshipped Cheibriados.
Cheibriados was exalted by your worship.
You were not hungry.

You visited 4 branches of the dungeon, and saw 20 of its levels.

You collected 1946 gold pieces.

Inventory:

Hand Weapons
 a - a +5 scimitar of flaming (weapon)
 b - the +5 whip "Sasazor" {elec, rF+}
   (You found it on level 4 of the Dungeon)

   Occasionally, upon striking a foe, it will discharge some electrical energy
   and cause terrible harm.
   It protects you from fire.
 N - the +6 war axe of the Boiling Point {chop, rF+ SInv}
   (You found it on level 1 of the Lair of Beasts)

   It inflicts extra damage upon your enemies.
   It protects you from fire.
   It lets you see invisible.
Missiles
 y - 21 tomahawks (quivered)
Armour
 d - a +4 plate armour (worn)
 e - +0 fire dragon scales
 k - a cursed +0 helmet (worn)
 q - a +1 large shield (worn)
 v - the +2 ring mail of Summer {rC+}
   (You found it on level 4 of the Dungeon)

   It protects you from cold.
 w - a +1 cloak (worn)
 P - a +2 shield of reflection
 Q - a +2 plate armour of positive energy
Jewellery
 L - a ring of protection from cold (left hand)
 M - an uncursed ring of magical power
 O - a ring of see invisible (right hand)
Wands
 f - a wand of clouds (3)
 p - a wand of flame (44)
 B - a wand of digging (13)
 F - a wand of iceblast (4)
Scrolls
 h - 6 scrolls of remove curse
 i - 7 scrolls of identify
 j - a scroll of fog
 m - a scroll of magic mapping
 t - 2 scrolls of enchant weapon
 x - 4 scrolls of teleportation
 I - a scroll of fear {unknown}
Potions
 c - 7 potions of brilliance
 g - 4 potions of cancellation
 l - 4 potions of agility
 r - a potion of mutation
 s - a potion of curing
 u - 5 potions of magic
 z - a potion of invisibility
 E - a potion of flight
 G - 2 potions of haste
 H - 2 potions of lignification
 T - a potion of resistance
Books
 n - Sif Muna's Incunabulum of Transmigration
   (You found it on level 3 of the Dungeon)

   Spells                             Type                      Level
   a - Beastly Appendage              Transmutation                1
 o - a book of Cantrips

   Spells                             Type                      Level
   a - Confusing Touch                Hexes                        1
   b - Animate Skeleton               Necromancy                   1
   c - Summon Small Mammal            Summoning                    1
   d - Apportation                    Translocation                1
 A - a book of Flames

   Spells                             Type                      Level
   a - Flame Tongue                   Conjuration/Fire             1
   b - Throw Flame                    Conjuration/Fire             2
   c - Conjure Flame                  Conjuration/Fire             3
   d - Inner Flame                    Hexes/Fire                   3
   e - Sticky Flame                   Conjuration/Fire             4
   f - Fireball                       Conjuration/Fire             5
 C - the Grimoire of the Forgotten Seas
   (You found it on level 4 of the Lair of Beasts)

   Spells                             Type                      Level
   a - Infusion                       Charms                       1
   b - Swiftness                      Charms/Air                   2
   c - Ozocubu's Armour               Charms/Ice                   3
   d - Spectral Weapon                Hexes/Charms                 3
   e - Borgnjor's Vile Clutch         Necromancy/Earth             5
 D - a book of Geomancy

   Spells                             Type                      Level
   a - Sandblast                      Earth                        1
   b - Passwall                       Transmutation/Earth          2
   c - Stone Arrow                    Conjuration/Earth            3
   d - Petrify                        Transmutation/Earth          4
   e - Lee's Rapid Deconstruction     Earth                        5
 R - the Disquisition on Shifting Snow
   (You found it on level 6 of the Lair of Beasts)

   Spells                             Type                      Level
   a - Freeze                         Ice                          1
   b - Throw Frost                    Conjuration/Ice              2
   c - Ensorcelled Hibernation        Hexes/Ice                    2
   d - Petrify                        Transmutation/Earth          4
Miscellaneous
 J - 2 boxes of beasts


   Skills:
 + Level 12.5 Fighting
 + Level 12.7 Long Blades
 + Level 12.2 Armour
 + Level 11.8 Dodging
 - Level 1.7 Stealth
 - Level 13.7 Shields
 + Level 5.2 Spellcasting
 - Level 7.1 Invocations


You had 23 spell levels left.
You didn't know any spells.

Dungeon Overview and Level Annotations

Branches:
Dungeon (11/15)            Temple (1/1) D:5            Lair (6/6) D:8
  Swamp (0/4) Lair:3        Snake (0/4) Lair:4        Slime (0/5) Lair:5
    Orc (2/2) D:11
    Elf: Orc:2

Altars:
Ashenzari
Cheibriados
Dithmenos
Elyvilon
Fedhas
Gozag
Hepliaklqana
Kikubaaqudgha
Makhleb
Nemelex Xobeh
Okawaru
Qazlal
Ru
Sif Muna
Trog
Uskayaw
Vehumet
Wu Jian
Xom
Yredelemnul
Zin
The Shining One

Shops:
D:2 *   D:4 =   D:11 (   Orc:2 [

Annotations:
D:8 1 runed door
D:9 djmy96's ghost, journeyman GnFi
Lair:2 exclusion: 4 oklob plants


Innate Abilities, Weirdness & Mutations

Shadows flee at your approach. (+LOS)
You can swim through water.
You cover ground slowly.
You can hop long distances.
You are frail. (-10% HP)
You are occasionally teleported next to monsters.


Message History

Unknown command.
Hop to where?
Press: ? - help, Dir - move target cursor Boing!
Okay, then.
You feel much better.
The orc knight unwields an uncursed great mace.
The orc knight wields an uncursed arbalest.
The orc knight shoots a bolt.
The bolt closely misses you.
The orc knight shoots a bolt.
You block the bolt. The orc knight misses you.
You riposte.
You hit the orc knight but do no damage.
The orc knight is severely wounded.
You block the orc knight's attack.
You see here a bolt.
The orc knight unwields an uncursed arbalest.
The orc knight wields an uncursed great mace.
The orc knight closely misses you. You block the orc knight's attack.
The orc knight hits you with an uncursed great mace!!!
You die...

......##....##...## #.......
..#..#..#....#..(.### #........
.............##.))..#####..#.#...
..............##)).........##....
...........(...##..(........#....
...............####.(............
................#.##).....#......
#..#...........oo.)).....##......
#...............@...#...####.#...
......).)..(.....##.#...# #......
.....................#..####.....
..........................###....
............................#....
#..........รทรท...........#........
#..................#....##.......
.......................#........#
......................#..........


You could see 2 orc knights.

Vanquished Creatures
  A dire elephant (Lair:6)
  Fannar (Lair:3)
  4 hydras
  4 two-headed ogres
  Erica (D:8)
  A merfolk avatar (Lair:6)
  2 orc high priests (Orc:2)
  Urug (Orc:1)
  5 skeletal warriors (D:11)
  A sea snake (Lair:6)
  An obsidian statue (Lair:4)
  3 orc knights
  A harpy (Lair:6)
  Pikel (D:6)
  An orc sorcerer (Orc:2)
  An ugly thing (D:11)
  2 manticores (Lair:6)
  15 elephants
  2 black mambas
  11 spiny frogs
  10 komodo dragons
  6 rime drakes
  2 trolls
  A queen bee (Lair:4)
  3 polar bears
  A hornet (D:8)
  3 meliai (Lair:4)
  The ghost of Uniporpoise the Thaumaturge, an amateur GnWn (D:5)
  5 hippogriffs
  A wind drake (Lair:6)
  14 blink frogs
  6 slime creatures
  13 dream sheep
  A spriggan (D:7)
  6 wyverns
  A wraith (D:10)
  25 yaks
  A human (D:11)
  2 basilisks
  2 hungry ghosts
  3 wargs
  5 vampire mosquitoes (Lair:3)
  Menkaure (D:6)
  15 water moccasins
  11 porcupines
  A sky beast (D:10)
  A black bear (Lair:1)
  An ice beast (D:9)
  22 orc warriors
  A phantom (D:6)
  A necrophage (D:10)
  4 wolves (Lair:2)
  3 centaurs
  6 ogres
  18 crocodiles
  2 big kobolds
  23 bullfrogs
  A gnoll sergeant (D:11)
  2 water moccasin zombies (D:8)
  3 scorpions
  28 killer bees
  12 wights
  7 howler monkeys
  6 crimson imps
  A centaur zombie (D:9)
  A quasit (D:8)
  3 jellies
  A gnoll shaman (D:8)
  16 orc priests
  A bullfrog skeleton (D:10)
  10 hounds
  3 iguanas
  22 orc wizards
  Crazy Yiuf (D:4)
  5 worker ants
  7 hell rats (Lair:2)
  2 worker ant zombies
  11 gnolls
  17 river rats (Lair:2)
  7 adders
  A shadow imp (D:5)
  An ooze (D:2)
  2 worms
  2 dart slugs
  5 leopard geckos
  74 orcs
  7 giant cockroaches
  12 goblins
  8 hobgoblins
  5 jackals
  20 kobolds
  12 quokkas
  10 bats
  7 frilled lizards
  3 leopard gecko skeletons
  2 quokka skeletons
  18 rats
  A butterfly (Lair:5)
  2 fungi
  A plant (Lair:2)
641 creatures vanquished.

Vanquished Creatures (others)
  3 slaves (D:6)
  An ogre (D:6)
  A bullfrog (D:6)
  A worker ant (D:7)
  An adder (D:7)
  A leopard gecko skeleton (D:6)
  A bush (Lair:6)
  22 fungi
  26 plants
57 creatures vanquished.

Grand Total: 698 creatures vanquished

Notes
Turn   | Place    | Note
-------+----------+-------------------------------------------
     0 | D:1      | shenanigans the Barachi Monk began the quest for the Orb.
     0 | D:1      | Reached XP level 1. HP: 18/18 MP: 1/1
   120 | D:1      | Reached XP level 2. HP: 12/25 MP: 2/2
   415 | D:1      | Reached skill level 1 in Armour
   513 | D:1      | Reached XP level 3. HP: 29/30 MP: 3/3
  1072 | D:2      | Found a snail-covered altar of Cheibriados.
  1079 | D:2      | Became a worshipper of Cheibriados the Contemplative
  1079 | D:2      | Reached * piety under Cheibriados
  1079 | D:2      | Reached ** piety under Cheibriados
  1106 | D:2      | Found a sacrificial altar of Ru.
  1118 | D:2      | Reached XP level 4. HP: 37/37 MP: 4/4
  1151 | D:2      | Found Zin's Purification Station.
  1153 | D:2      | Found a glowing silver altar of Zin.
  1583 | D:2      | Found a hide-covered altar of Uskayaw.
  2209 | D:3      | Reached *** piety under Cheibriados
  2286 | D:3      | Reached skill level 1 in Invocations
  2327 | D:3      | Reached XP level 5. HP: 28/43 MP: 5/5
  3111 | D:3      | Found a deep blue altar of Sif Muna.
  3131 | D:3      | Reached XP level 6. HP: 38/50 MP: 7/7
  3304 | D:3      | Identified Sif Muna's Incunabulum of Transmigration
  3591 | D:4      | Found Wagomi's Jewellery Shop.
  3668 | D:4      | Reached **** piety under Cheibriados
  3687 | D:4      | Got a brightly glowing whip
  3688 | D:4      | Identified the +5 whip "Sasazor" {elec, rF+} (You found it on level 4 of the Dungeon)
  4006 | D:4      | Reached skill level 5 in Long Blades
  4144 | D:4      | Got an ancient ring mail
  4247 | D:4      | Identified the +2 ring mail of Summer {rC+} (You found it on level 4 of the Dungeon)
  4555 | D:4      | Found a runed door.
  4560 | D:4      | Noticed Crazy Yiuf
  4574 | D:4      | Killed Crazy Yiuf
  4574 | D:4      | Reached skill level 5 in Fighting
  4574 | D:4      | Reached skill level 1 in Shields
  4672 | D:5      | Entered Level 5 of the Dungeon
  4828 | D:5      | Reached XP level 7. HP: 53/56 MP: 9/9
  4934 | D:5      | Noticed Uniporpoise's ghost (amateur GnWn)
  5079 | D:5      | Killed Uniporpoise's ghost
  5079 | D:5      | Reached skill level 2 in Shields
  5251 | D:5      | Found a staircase to the Ecumenical Temple.
  5311 | Temple   | Entered the Ecumenical Temple
  5734 | D:6      | Reached skill level 5 in Dodging
  5734 | D:6      | Reached skill level 3 in Shields
  5734 | D:6      | Reached XP level 8. HP: 60/63 MP: 10/10
  5751 | D:6      | Noticed Pikel
  5766 | D:6      | Killed Pikel
  5766 | D:6      | Reached skill level 4 in Shields
  5817 | D:6      | Reached ***** piety under Cheibriados
  5844 | D:6      | Found a white marble altar of Elyvilon.
  5848 | D:6      | Found a burning altar of Makhleb.
  5966 | D:6      | Noticed Menkaure
  5971 | D:6      | Killed Menkaure
  6137 | D:6      | Reached skill level 5 in Shields
  6137 | D:6      | Reached XP level 9. HP: 51/69 MP: 12/12
  6533 | D:7      | Reached skill level 5 in Invocations
  6554 | D:7      | Reached skill level 5 in Armour
  6704 | D:7      | Found an opulent altar of Gozag.
  6706 | D:7      | Found a radiant altar of Vehumet.
  7153 | D:8      | Reached skill level 6 in Shields
  7416 | D:8      | Reached ****** piety under Cheibriados
  7458 | D:8      | Noticed a two-headed ogre
  7462 | D:8      | Killed a two-headed ogre
  7462 | D:8      | Reached skill level 7 in Shields
  7462 | D:8      | Reached XP level 10. HP: 79/79 MP: 14/14
  7505 | D:8      | Found a staircase to the Lair.
  7598 | D:8      | Found a blossoming altar of Fedhas.
  7662 | D:8      | Noticed a two-headed ogre
  7668 | D:8      | Killed a two-headed ogre
  7985 | D:8      | Found a runed door.
  7985 | D:8      | Noticed a cyan very ugly thing
  7985 | D:8      | Noticed a great orb of eyes
  7985 | D:8      | Noticed a frost giant
  7987 | D:8      | Noticed a seven-headed hydra
  7987 | D:8      | Noticed a yaktaur captain
  8094 | D:8      | Noticed Erica
  8105 | D:8      | Killed Erica
  8380 | D:9      | Noticed djmy96's ghost (journeyman GnFi)
  8381 | D:9      | Reached skill level 8 in Shields
  9175 | D:9      | Noticed a two-headed ogre
  9185 | D:8      | Killed a two-headed ogre
  9185 | D:8      | Reached XP level 11. HP: 18/86 MP: 16/16
 10176 | D:10     | Entered Level 10 of the Dungeon
 10296 | D:10     | Reached skill level 9 in Shields
 10919 | D:11     | Found a staircase to the Orcish Mines.
 10920 | D:11     | Noticed a two-headed ogre
 10929 | D:11     | Killed a two-headed ogre
 10973 | D:11     | Got a heavily runed amethyst amulet
 11008 | D:11     | Noticed a skeletal warrior
 11009 | D:11     | Noticed a skeletal warrior
 11009 | D:11     | Noticed a skeletal warrior
 11022 | D:11     | Killed a skeletal warrior
 11040 | D:11     | Killed a skeletal warrior
 11049 | D:11     | Killed a skeletal warrior
 11049 | D:11     | Reached skill level 10 in Shields
 11050 | D:11     | Noticed a skeletal warrior
 11050 | D:11     | Noticed a skeletal warrior
 11061 | D:11     | Killed a skeletal warrior
 11070 | D:11     | Killed a skeletal warrior
 11070 | D:11     | Reached XP level 12. HP: 11/95 MP: 17/17
 11600 | D:11     | Found Viggev's Antique Weapon Boutique.
 12014 | D:11     | Identified the amulet of the Clam {Harm *Drain rPois rN+ MR+} (You took it off an orc priest on level 11 of the Dungeon)
 12246 | Lair:1   | Entered Level 1 of the Lair of Beasts
 12388 | Lair:1   | Got a slimy war axe
 12389 | Lair:1   | Identified the +6 war axe of the Boiling Point {chop, rF+ SInv} (You found it on level 1 of the Lair of Beasts)
 12601 | Lair:1   | Reached skill level 11 in Shields
 12636 | Lair:1   | Reached skill level 10 in Long Blades
 12827 | Lair:1   | Reached skill level 10 in Fighting
 13624 | Lair:2   | Noticed a seven-headed hydra
 13629 | Lair:2   | Killed a three-headed hydra
 14335 | Lair:3   | Reached skill level 12 in Shields
 14372 | Lair:3   | Noticed a seven-headed hydra
 14376 | Lair:3   | Killed a three-headed hydra
 14376 | Lair:3   | Reached skill level 10 in Armour
 14376 | Lair:3   | Gained mutation: You can hop long distances. [Barachi growth]
 14376 | Lair:3   | Reached XP level 13. HP: 89/104 MP: 18/18
 14616 | Lair:3   | Noticed Fannar
 14634 | Lair:3   | Killed Fannar
 14852 | Lair:3   | Found a staircase to the Swamp.
 14865 | Lair:3   | Reached skill level 10 in Dodging
 15382 | Lair:4   | Found a staircase to the Snake Pit.
 15497 | Lair:4   | Gained mutation: You are frail. (-10% HP) [a neqoxec]
 15498 | Lair:4   | Gained mutation: You are occasionally teleported next to monsters. [a neqoxec]
 15529 | Lair:4   | Identified the Grimoire of the Forgotten Seas
 15910 | Lair:4   | Reached skill level 13 in Shields
 16522 | Lair:5   | Reached skill level 1 in Spellcasting
 16523 | Lair:5   | Found a staircase to the Slime Pits.
 17172 | Lair:5   | Reached XP level 14. HP: 12/101 MP: 19/19
 17601 | Lair:6   | Entered Level 6 of the Lair of Beasts
 17816 | Lair:6   | Noticed a dire elephant
 17833 | Lair:6   | Killed a dire elephant
 18206 | Lair:6   | Identified the Disquisition on Shifting Snow
 19622 | Orc:1    | Entered Level 1 of the Orcish Mines
 19628 | Orc:1    | Noticed Urug
 19687 | Orc:1    | Killed Urug
 20339 | Orc:2    | Entered Level 2 of the Orcish Mines
 20981 | Orc:2    | Found Cybec's Armour Shop.
 21028 | Orc:2    | Reached skill level 5 in Spellcasting
 21527 | Orc:2    | Demolished by an orc knight

Vault maps used:
D:1:      lemuel_arrival_lava_pool
D:2:      nicolae_overflow_hidden_temple, zin_purify, cheibriados_altar_1,
          nicolae_ru_awakened_eye, kennysheep_another_room
D:3:      led_sif_book
D:4:      serial_shops, shop_fountains, first_ration, uniq_crazy_yiuf_cottage
D:5:      temple_green
D:6:      minitemple, kennysheep_generic_room_14, uniq_menkaure, uniq_pikel
D:7:      chequers_temple_overflow_statue_of_worship, the_bakery
D:8:      minmay_gate_of_8, kennysheep_mini, dpeg_oklobed_lair,
          grunt_decor_mini_mirrors, minivault_25, minmay_small_thing, uniq_erica
D:11:     erik_orc_4, serial_shops, shop_fountains
Temple:   minmay_temple_forest_path
Lair:1:   serial_bayou_shore_b, infiniplex_staircase_pool_2,
          serial_bayou_shore_b, lemuel_fruit_fields
Lair:2:   lemuel_ratsnest, minmay_lair_oklob_chamber
Lair:3:   minmay_swamp_entry_swarm, portal_ice_cave_entry_pillars_2, uniq_fannar
Lair:4:   statuecave_lemuel, dummy_snake_entry, special_room,
          lemuel_fruit_fields, grunt_megastairs_3
Lair:5:   minmay_slime_entry_pillars, lemuel_fruit_fields, lemuel_fruit_fields
Lair:6:   gammafunk_lair_ancient_temple
Orc:1:    sword_in_stone
Orc:2:    grunt_orc_tribal_feast, serial_shops, shop

Skill      XL: |  1  2  3  4  5  6  7  8  9 10 11 12 13 14 |
---------------+-------------------------------------------+-----
Armour         | 1 2 3 4 6 7 8 10 11 12 | 12.2
Fighting       | 4 5 6 7 8 9 10 11 12 | 12.5
Long Blades    | 4 5 6 7 8 9 10 11 12 | 12.7
Invocations    | 1 2 3 4 6 7 |  7.1
Dodging        | 4 5 6 7 8 9 10 11 | 11.8
Shields        | 1 3 5 7 8 10 12 13 | 13.7
Spellcasting   | 2 5 |  5.2
Stealth        | |  1.7

Action                   |  1- 3 |  4- 6 |  7- 9 | 10-12 | 13-15 || total
-------------------------+-------+-------+-------+-------+-------++-------
Melee: Falchion          |   118 |    26 |       |       |       ||   144
       Dagger            |       |   164 |       |       |       ||   164
       Whip              |       |    49 |   254 |    61 |       ||   364
       Scimitar          |       |       |       |   593 |   861 ||  1454
       War axe           |       |       |       |    11 |       ||    11
Throw: Tomahawk          |       |       |     5 |     2 |     3 ||    10
 Abil: Hop               |     2 |     1 |     1 |     5 |     5 ||    14
Evoke: Wand              |       |     2 |     2 |     9 |     1 ||    14
  Use: Scroll            |       |     3 |     6 |    13 |     3 ||    25
       Potion            |       |       |     1 |     3 |     6 ||    10
  Eat: Chunk             |     1 |     7 |     5 |    13 |    15 ||    41
       Ration            |       |       |       |     1 |       ||     1
Armor: Chain mail        |    84 |   133 |    86 |    61 |       ||   364
       Plate armour      |       |       |       |   106 |   199 ||   305
       Skin              |       |       |       |       |    25 ||    25
Dodge: Dodged            |    37 |   139 |    67 |   193 |   342 ||   778
Block: Large shield      |       |    35 |   267 |   726 |  1075 ||  2103
       Shield            |       |       |       |       |    85 ||    85
       Rpst.: Falchion   |    11 |     6 |       |       |       ||    17
       Scimitar          |       |       |       |    58 |    87 ||   145

Table legend:
 A = Spawn XP
 B = Non-spawn XP
 C = Spawn XP percentage of total XP
 D = Spawn monster count
 E = Non-spawn monster count
 F = Spawn count percentage of total count
 G = Total turns spent on level
                    A         B        C        D         E        F      G
               +---------+---------+-------+---------+---------+-------+---------
         Total |       0 |   86287 |   0.0 |       0 |     637 |   0.0 | 21527
               +---------+---------+-------+---------+---------+-------+---------
           D:1 |       0 |      54 |   0.0 |       0 |      30 |   0.0 |  1005
           D:2 |       0 |      52 |   0.0 |       0 |      21 |   0.0 |  1071
           D:3 |       0 |     245 |   0.0 |       0 |      36 |   0.0 |  1493
           D:4 |       0 |     186 |   0.0 |       0 |      17 |   0.0 |  1153
           D:5 |       0 |     584 |   0.0 |       0 |      12 |   0.0 |   603
           D:6 |       0 |    1356 |   0.0 |       0 |      13 |   0.0 |   842
           D:7 |       0 |    1022 |   0.0 |       0 |      20 |   0.0 |   608
           D:8 |       0 |    5703 |   0.0 |       0 |      39 |   0.0 |  2653
           D:9 |       0 |    1518 |   0.0 |       0 |      27 |   0.0 |   538
          D:10 |       0 |    1744 |   0.0 |       0 |      24 |   0.0 |   618
          D:11 |       0 |    9186 |   0.0 |       0 |      52 |   0.0 |  1410
        Lair:1 |       0 |    4825 |   0.0 |       0 |      24 |   0.0 |   803
        Lair:2 |       0 |    4837 |   0.0 |       0 |      61 |   0.0 |  1215
        Lair:3 |       0 |    7613 |   0.0 |       0 |      26 |   0.0 |   887
        Lair:4 |       0 |    7753 |   0.0 |       0 |      48 |   0.0 |  1307
        Lair:5 |       0 |    9388 |   0.0 |       0 |      37 |   0.0 |  1229
        Lair:6 |       0 |   21396 |   0.0 |       0 |      62 |   0.0 |  1878
         Orc:1 |       0 |    2460 |   0.0 |       0 |      30 |   0.0 |  1121
         Orc:2 |       0 |    6365 |   0.0 |       0 |      58 |   0.0 |   751
               +---------+---------+-------+---------+---------+-------+---------
